Map: Orbital Shipyard

Players

Javert

  • Race: Zerg Zerg
  • League: Platinum

Jidoja - Winner!

  • Race: Terran Terran
  • League: Gold

VOD

Have the link to the VOD?

Description

Time

  • Played on: Aug. 12, 2015, 9 p.m.
  • Length: 13:28
Show
View Real Time Build Order
Export as new Build Order

Javert Zerg 

Build Orders: Hatch First, Muta Ling Bane 

Get SALT Encoding   

  12  0:01  Drone  
  13  0:17  Overlord  
  13  0:27  Drone  
  14  0:36  Drone x2  
  14  0:39  Drone  
  17  0:55  Hatchery  
  16  0:59  Drone  
  16  1:02  Extractor  
  16  1:06  Drone  
  17  1:13  Drone  
  18  1:23  Spawning Pool  
  17  1:27  Drone  
  18  1:33  Drone  
  19  1:43  Drone  
  20  1:55  Drone  
  21  2:08  Overlord  
  21  2:10  Queen x2  
  21  2:11  Metabolic Boost  
  21  2:15  Zergling x2  
  26  2:18  Zergling x4  
  28  2:26  Drone  
  29  2:32  Drone  
  30  2:37  Drone  
  31  2:53  Baneling Nest  
  31  2:54  Drone x3  
  33  3:01  Drone x2  
  35  3:09  Overlord  
  35  3:25  Overlord  
  35  3:39  Baneling x4  
  36  3:41  Drone x4  
  36  3:42  Drone x4  
  36  3:46  Queen  
  36  3:48  Drone x2  
  47  3:54  Hatchery, Overlord  
  46  3:58  Overlord  
  46  4:01  Overlord  
  46  4:07  Overlord  
  43  4:27  Drone  
  43  4:28  Drone x6  
  43  4:30  Extractor  
  49  4:31  Extractor  
  49  4:33  Lair  
  49  4:36  Extractor  
  49  4:38  Evolution Chamber  
  46  4:39  Evolution Chamber  
  45  4:46  Burrow  
  45  4:48  Drone  
  46  4:58  Drone x7  
  46  4:59  Drone x2  
  55  5:02  Zergling x2  
  55  5:06  Zerg Melee Weapons Level 1  
  56  5:15  Zergling x2  
  56  5:16  Zergling x4  
  59  5:24  Zergling x2  
  59  5:25  Zergling x10  
  59  5:28  Zerg Ground Armor Level 1  
  65  5:30  Drone  
  65  5:31  Drone x5  
  71  5:46  Spire  
  71  5:47  Drone  
  71  5:48  Drone x3  
  74  5:54  Overlord x2  
  74  6:01  Drone x3, Extractor  
  74  6:02  Drone x4, Centrifical Hooks  
  80  6:05  Overlord, Extractor  
  80  6:09  Overlord  
  79  6:16  Baneling  
  79  6:23  Overlord x2  
  79  6:29  Drone x2  
  79  6:30  Overlord, Spine Crawler  
  80  6:35  Baneling  
  80  6:36  Baneling x9  
  80  6:43  Overlord  
  80  7:10  Mutalisk x8  
  80  7:15  Overseer  
  96  7:18  Overlord  
  96  7:27  Hydralisk Den  
  95  7:31  Overlord x2  
  95  7:32  Drone x3  
  95  7:33  Drone  
  98  7:37  Mutalisk x2  
  98  7:40  Zerg Flyer Weapons Level 1  
  98  7:43  Lurker Den  
  102  7:47  Overlord  
  102  7:48  Overlord  
  102  7:49  Drone x5  
  102  7:50  Drone  
  108  7:53  Zerg Melee Weapons Level 2  
  108  8:05  Hatchery  
  102  8:06  Extractor x2  
  102  8:08  Mutalisk  
  102  8:17  Zergling x2  
  102  8:18  Zergling x20  
  109  8:29  Zergling x14  
  109  8:30  Zergling x12  
  122  8:35  Zerg Ground Armor Level 2  
  122  8:39  Baneling x13  
  122  8:49  Zergling x2  
  122  8:50  Zergling x8  
  108  9:15  Mutalisk x5  
  111  9:22  Queen  
  113  9:26  Zergling x2  
  113  9:27  Zergling x16  
  122  9:34  Queen  
  123  9:47  Baneling x2  
  123  9:48  Baneling x19  
  123  9:56  Zergling x22  
  134  10:09  Zerg Missile Weapons Level 1  
  121  10:18  Mutalisk x6  
  121  10:31  Infestation Pit  
  121  10:35  Drone x6  
  124  10:36  Drone x3  
  124  10:42  Zergling x2  
  130  10:43  Zergling x10  
  135  10:53  Hatchery, Mutalisk x3  
  135  10:57  Baneling  
  135  10:58  Baneling x6  
  133  11:05  Zergling x22  
  122  11:31  Baneling  
  112  11:34  Zergling x10  
  112  11:35  Zergling x24  
  112  11:39  Baneling  
  127  11:40  Baneling x4  
  95  12:10  Zergling x2  
  95  12:11  Zergling x16  
  95  12:15  Hive  
  104  12:17  Hatchery  
  104  12:21  Overseer  
  104  12:22  Hatchery, Spore Crawler  
  100  12:24  Mutalisk x3  
  100  12:25  Hatchery  
  101  12:30  Zergling x6  
  103  12:37  Baneling  
  103  12:38  Baneling x14  
  99  12:53  Mutalisk  
  99  12:54  Mutalisk x9  
Show
View Real Time Build Order
Export as new Build Order

Jidoja Terran - Winner!

Build Orders: Bio Mine 

Get SALT Encoding   

  12  0:00  SCV  
  13  0:13  SCV  
  14  0:18  Supply Depot  
  14  0:25  SCV  
  15  0:40  SCV  
  15  0:41  Barracks  
  16  0:52  SCV  
  17  1:04  SCV  
  18  1:19  SCV  
  19  1:31  Orbital Command  
  19  1:36  Command Center  
  19  1:39  Supply Depot, Marine  
  20  1:57  SCV, Marine  
  22  2:13  Command Center  
  22  2:16  SCV  
  23  2:24  Refinery  
  23  2:25  Refinery, Marine  
  23  2:29  SCV  
  25  2:36  Barracks  
  25  2:42  SCV  
  26  2:47  Marine  
  27  2:52  Orbital Command  
  27  2:58  SCV  
  28  3:05  Barracks Reactor  
  28  3:11  SCV  
  28  3:12  Engineering Bay  
  29  3:13  Engineering Bay  
  29  3:22  SCV  
  29  3:25  Barracks Tech Lab  
  30  3:28  Orbital Command  
  30  3:33  SCV  
  31  3:40  Factory  
  31  3:44  SCV  
  31  3:46  SCV, Marine  
  34  3:54  SCV, Stimpack  
  35  4:02  Terran Infantry Weapons Level 1, SCV  
  36  4:03  SCV  
  36  4:06  Refinery x2  
  36  4:07  SCV  
  38  4:20  SCV  
  38  4:21  SCV, Marauder  
  36  4:38  SCV x3  
  35  4:41  Terran Infantry Armor Level 1  
  35  4:44  Hellion  
  35  4:45  Hellion  
  41  4:50  Armory, Marine, SCV x2  
  41  4:51  Marine  
  45  4:54  SCV  
  46  5:03  SCV x2  
  48  5:13  Barracks  
  48  5:14  Barracks  
  48  5:17  Barracks  
  48  5:18  Widow Mine x2  
  48  5:20  SCV  
  53  5:21  SCV  
  53  5:24  Marine  
  53  5:27  SCV  
  56  5:33  Marine  
  56  5:34  Starport  
  57  5:42  Marine  
  58  5:45  SCV  
  58  5:48  Barracks  
  58  5:49  SCV, Barracks  
  58  5:51  Barracks  
  58  5:55  SCV  
  59  5:57  Combat Shields  
  59  5:58  SCV  
  59  6:00  Terran Infantry Weapons Level 2  
  59  6:02  Barracks Reactor  
  60  6:04  Barracks Reactor  
  60  6:07  SCV  
  60  6:09  Barracks Reactor  
  61  6:22  Supply Depot x2  
  61  6:24  SCV  
  61  6:25  SCV  
  61  6:26  Supply Depot  
  61  6:28  Missile Turret  
  61  6:29  Missile Turret  
  61  6:31  Factory Reactor  
  61  6:35  Supply Depot  
  61  6:36  Supply Depot  
  61  6:39  Barracks Reactor x2  
  61  6:42  Barracks Tech Lab  
  61  6:43  SCV  
  61  6:46  Terran Infantry Armor Level 2  
  62  6:51  Supply Depot, Marine x2, SCV  
  62  6:52  Supply Depot, Marine  
  66  6:57  SCV, Marine  
  66  6:58  Marine  
  66  7:00  Barracks Reactor  
  69  7:02  Medivac x2  
  69  7:03  SCV  
  69  7:08  Marine x2  
  75  7:10  Marauder  
  78  7:15  Widow Mine  
  78  7:16  Widow Mine  
  78  7:18  SCV  
  78  7:19  Marine x6  
  89  7:26  Marine x3  
  89  7:27  Marine x2  
  94  7:30  Marine  
  94  7:31  SCV, Supply Depot  
  96  7:39  Orbital Command  
  96  7:40  Marine x3  
  96  7:41  Supply Depot, Medivac, Marine x2  
  103  7:47  Marine x4  
  103  7:48  Marine  
  103  7:49  Marine  
  103  7:50  Marine  
  110  7:55  Supply Depot  
  110  7:57  Missile Turret  
  110  7:59  Supply Depot, Marine  
  85  8:13  Marine  
  85  8:14  Marine x3  
  85  8:19  SCV x2, Medivac, Marine x2  
  71  8:20  Widow Mine x2, Medivac  
  95  8:25  Marine x2  
  95  8:26  Marauder  
  95  8:27  Marine  
  105  8:28  Factory  
  105  8:31  SCV, Marine  
  105  8:32  Marine x2  
  110  8:38  Terran Infantry Weapons Level 3  
  110  8:39  SCV  
  111  8:42  Marauder  
  111  8:44  Marine x2  
  111  8:47  Marauder  
  116  8:50  Marine  
  116  8:51  Marine  
  116  8:52  Marine  
  116  8:53  Marine  
  116  8:54  Marine x2  
  116  8:55  Marine  
  116  8:58  Marine  
  116  9:01  Marine  
  116  9:02  Marine  
  120  9:04  Marauder  
  120  9:09  Marauder  
  112  9:12  Marine x2  
  112  9:13  Marine x2  
  109  9:20  Marine x3  
  109  9:21  Marine x2  
  109  9:23  Barracks Reactor, Marine  
  112  9:24  Factory Tech Lab  
  112  9:25  Marauder, Medivac  
  112  9:26  SCV  
  112  9:30  Marauder, Marine  
  120  9:35  Marine x3  
  120  9:37  Marine  
  124  9:40  Marine x2  
  124  9:42  Marine x2  
  124  9:43  Missile Turret  
  127  9:45  Siege Tank  
  127  9:51  Marine x4  
  131  9:56  Terran Infantry Armor Level 3, Marine x2  
  131  9:57  SCV, Marine  
  135  10:02  SCV, Widow Mine  
  135  10:04  Marine  
  139  10:08  Refinery  
  139  10:14  Refinery  
  121  10:18  Marine x2  
  121  10:20  Marine x3  
  115  10:22  Marine x3  
  115  10:23  Marine x6  
  112  10:36  Marine x2  
  112  10:37  Widow Mine  
  112  10:38  Marine x2, Widow Mine x2  
  112  10:39  Drilling Claws  
  122  10:43  Marine x3  
  122  10:49  SCV  
  126  10:54  Marine x5  
  126  10:55  Marine x4  
  126  10:56  Marine x2  
  137  10:58  SCV  
  137  11:00  Marine  
  137  11:01  Marine  
  139  11:05  Marine  
  139  11:06  Widow Mine  
  140  11:12  Marine x2  
  140  11:13  Marine x3  
  142  11:26  Marine  
  142  11:27  Marine  
  142  11:31  Marine x3  
  142  11:32  Widow Mine  
  149  11:43  Widow Mine, Marine  
  149  11:44  Medivac, Marine  
  149  11:47  Marine  
  149  11:52  Marine  
  149  11:58  Marine  
  149  12:00  Marine x2  
  146  12:06  Marine x3  
  146  12:08  Widow Mine, Medivac  
  145  12:09  Command Center  
  145  12:14  Medivac  
  145  12:15  Command Center  
  149  12:26  Supply Depot  
  149  12:27  Marine x4  
  149  12:28  Supply Depot  
  149  12:29  Widow Mine x2  
  157  12:34  Marine  
  157  12:35  Marine x3  
  159  12:38  Medivac  
  159  12:41  Marine x5  
  159  12:42  Marine  
  165  12:47  Medivac  
  167  12:52  Marine x4  
Tags
 
Add a new tag
Caveats
  • Supply blocks, unpowered buildings, or Contaminate may cause inaccurate times.
  • Supply counts are checked every 10 seconds.